 Dungeon Crawl Stone Soup version 0.29-a0-464-g50448035db (webtiles) character file.

Game seed: 1948118595030967498

170239 Bruhh the Champion of Chaos (level 18, -13/138 HPs)
             Began as a Djinni Fire Elementalist on May 21, 2022.
             Was the Champion of Makhleb.
             Shot with a bolt by a naga sharpshooter (30 damage)
             ... on level 1 of the Snake Pit.
             The game lasted 01:06:01 (22904 turns).

Bruhh the Champion of Chaos (DjFE)                 Turns: 22904, Time: 01:06:05

Health: -13/138    AC: 13    Str: 13    XL:     18   Next: 32%
Gold:   1901       EV: 20    Int: 29    God:    Makhleb [******] SH:  0 Dex: 19

rFire   + + +      SeeInvis .   a - +3 rapier "Vybb" {drain, rC+ Will+ Dex+4 Stlth+}
rCold   + . .      Faith    .   (no shield)
rNeg    . . .      Spirit   .   E - +0 troll leather armour
rPois   ∞          Reflect  .   (no helmet)
rElec   .          Harm     .   l - +2 cloak {rCorr}
rCorr   +          Rampage  .   M - +0 pair of gloves {hurl}
Will    +++..      Clarity  +   (boots unavailable)
Stlth   +++.......              o - amulet of Girokoach {Will+ Regen+ Int+5 Slay+3}
HPRegen 1.93/turn               K - ring of protection from cold
MPRegen 0.00/turn               L - ring of Necipomi {rF+ rCorr Str+6}

@: flying
A: sickness immunity, fire resistance 2, cold vulnerability 1, float, innate
caster, HP casting, extra vitality 1, claws 1, iridescent scales 1, clarity,
deterioration 1, MP-powered wands
}: 1/15 runes: decaying
a: Renounce Religion, Minor Destruction, Lesser Servant of Makhleb, Major
Destruction, Greater Servant of Makhleb


You were on level 1 of the Snake Pit.
You worshipped Makhleb.
Makhleb was exalted by your worship.
You visited 5 branches of the dungeon, and saw 25 of its levels.
You also visited: Bailey.

You collected 2793 gold pieces.
You spent 892 gold pieces at shops.

Inventory:

Hand Weapons
 a - the +3 rapier "Vybb" (weapon) {drain, rC+ Will+ Dex+4 Stlth+}
   (You bought it in a shop on level 2 of the Orcish Mines)

   A truly terrible weapon, it drains the life of any living foe it strikes.
   Dex:       It affects your dexterity (+4).
   rC:        It protects you from cold.
   Will:      It increases your willpower.
   Stlth:     It makes you more stealthy.
 b - a +1 dagger of holy wrath
 m - a +2 quarterstaff of chaos
 H - the +6 mace "Ifivof" {venom, rCorr Dex+7 SInv Stlth+}
   (You found it on level 7 of the Dungeon)

   It poisons the flesh of those it strikes.
   Dex:       It affects your dexterity (+7).
   SInv:      It lets you see invisible.
   rCorr:     It protects you from acid and corrosion.
   Stlth:     It makes you more stealthy.
Missiles
 D - 3 throwing nets
Armour
 i - a +3 scale mail of cold resistance
 l - a +2 cloak of preservation (worn)
 E - a +0 troll leather armour (worn)
 M - a +0 pair of gloves of hurling (worn)
Jewellery
 o - the amulet of Girokoach (around neck) {Will+ Regen+ Int+5 Slay+3}
   (You found it on level 4 of the Dungeon)

   [amulet of regeneration]

   Int:       It affects your intelligence (+5).
   Slay:      It affects your accuracy & damage with ranged weapons and melee
   (+3).
   Regen:     It increases your rate of health regeneration.
   Will:      It increases your willpower.
 K - a ring of protection from cold (left hand)
 L - the ring of Necipomi (right hand) {rF+ rCorr Str+6}
   (You found it on level 3 of the Lair of Beasts)

   [ring of protection from fire]

   Str:       It affects your strength (+6).
   rF:        It protects you from fire.
   rCorr:     It protects you from acid and corrosion.
Wands
 d - a wand of mindburst (30)
 B - a wand of paralysis (13)
 C - a wand of polymorph (30)
 N - a wand of acid (4)
 Q - a wand of iceblast (17)
 S - a wand of flame (12)
Scrolls
 e - 8 scrolls of teleportation
 f - 7 scrolls of magic mapping
 g - 2 scrolls of torment
 j - 2 scrolls of fear
 k - 7 scrolls of vulnerability
 n - 7 scrolls of enchant weapon
 p - 8 scrolls of identify
 q - 4 scrolls of poison
 w - 2 scrolls of enchant armour
 y - 3 scrolls of summoning
 J - 3 scrolls of immolation
 T - a scroll of silence
 U - 2 scrolls of fog
Potions
 h - 4 potions of berserk rage
 r - 3 potions of ambrosia
 s - a potion of heal wounds
 t - 10 potions of curing
 u - 6 potions of invisibility
 v - 5 potions of might
 x - 4 potions of magic
 z - 3 potions of resistance
 A - 13 potions of mutation
 F - 6 potions of attraction
 I - a potion of lignification {unknown}
 R - a potion of flight {unknown}
 V - 2 potions of cancellation {unknown}
 W - a potion of brilliance {unknown}
 X - a potion of haste {unknown}
Miscellaneous
 O - a phial of floods
 Z - a phantom mirror


   Skills:
 - Level 15.0 Fighting
 - Level 12.5 Armour
 + Level 13.1 Dodging
 - Level 1.5 Stealth
 - Level 12.0 Spellcasting
 - Level 15.0 Invocations
 - Level 8.0 Evocations


You couldn't memorise any spells.
You knew the following spells:

 Your Spells              Type           Power      Damage    Failure   Level
a - Foxfire               Conj/Fire      100%       2x1d9     1%          1
b - Scorch                Fire           100%       2d10      1%          2
c - Conjure Flame         Conj/Fire      72%        6-21      1%          3
d - Inner Flame           Hex/Fire       72%        N/A       1%          3
e - Flame Wave            Conj/Fire      72%        2d13      1%          4
f - Freeze                Ice            100%       1d11      1%          1
g - Call Imp              Summ           72%        N/A       1%          2
h - Teleport Other        Tloc           72%        N/A       1%          3
i - Swiftness             Air            72%        N/A       1%          3
j - Sticky Flame          Conj/Fire      72%        2d9       1%          4
k - Yara's Violent Unrav  Hex/Tmut       36%        3d15      1%          5
l - Starburst             Conj/Fire      36%        6d11      4%          6
m - Summon Cactus Giant   Summ           36%        N/A       4%          6
Your spell library was empty.

Dungeon Overview and Level Annotations

Branches:
Dungeon (11/15)            Temple (0/1) D:6            Lair (6/6) D:8
  Swamp (4/4) Lair:4        Snake (2/4) Lair:3        Slime (0/5) Lair:6
    Orc (2/2) D:9             Elf (0/3) Orc:2        Bailey (visited)

Altars:
Ashenzari
Hepliaklqana
Kikubaaqudgha
Makhleb
Nemelex Xobeh
Ru
Sif Muna
Trog
Vehumet
The Shining One
Beogh
Jiyva

Shops:
D:1 ?   D:5 !   D:9 [(   D:10 !   Orc:2 !:(![!

Portals:
Abyss: Swamp:1

Annotations:
D:6 2 transporters, LavaOrcPlayer's ghost, novice DsEE
Swamp:1 2 transporters, haldagan's ghost, adept KoBe


Innate Abilities, Weirdness & Mutations

You are immune to sickness and miasma.
You are immune to poison.
Your flesh is very heat resistant. (rF++)
You are vulnerable to cold. (rC-)
You float through the air rather than walking.
You learn spells naturally, not from books.
Your magical power is your life essence.
You have superior vitality. (+4 MHP)
You have sharp fingernails.
You are partially covered in iridescent scales. (AC +2)
You possess an exceptional clarity of mind.
Your body sometimes deteriorates upon taking damage.
You expend health (3 HP) to strengthen your wands.


Message History

A naga sharpshooter comes into view. It is wielding a +0 short sword.
The bolt of fire hits the naga warrior!!
You kill the naga warrior!
Makhleb accepts your kill.
You feel better.
The naga sharpshooter spits poison at you.
The splash of poison hits you but does no damage.
You resist.
The naga sharpshooter casts a spell.
The naga sharpshooter magically shoots a bolt.
The bolt barely misses you.
A demon appears!
The naga sharpshooter unwields a +0 short sword.
The naga sharpshooter wields a +0 arbalest.
The naga sharpshooter shoots a bolt.
The bolt misses you.
The naga sharpshooter shoots a bolt.
The bolt misses you.
The naga sharpshooter spits poison at you.
The splash of poison misses you.
The naga sharpshooter gestures wildly while chanting.
The naga sharpshooter magically shoots a bolt.
The bolt hits you!
The naga sharpshooter casts a spell.
The naga sharpshooter magically shoots a bolt.
The bolt hits you!!
The naga sharpshooter shoots a bolt.
The bolt misses you.
A demon appears!
The naga sharpshooter spits poison at you.
The splash of poison hits your cacodemon but does no damage.
Your cacodemon is poisoned.
The naga sharpshooter mumbles some strange words.
The naga sharpshooter magically shoots a bolt.
The bolt closely misses you.
A demon appears!
The naga sharpshooter gestures wildly while chanting.
The naga sharpshooter magically shoots a bolt.
The bolt hits you!
* * * LOW HITPOINT WARNING * * *
The naga sharpshooter shoots a bolt.
The bolt hits your cacodemon!
The naga sharpshooter shoots a bolt.
The bolt hits you!!
You die...

..###...#### ###....# #....##'
.####......## #......######)###.#
>...........###.........##...#...
.#.#..._......#.....#...###.###.#
.#.##..[..###...........##....###
.#.##.....# ####.#......###...#|#
....####### #.#2#######.......
....### #...#...# ##.#.#.#
......##########@2##...## #######
.......##.....##..##....###.#.#.#
##.(...##.#...)..##...#.'........
..)....##.#.............###.#.#.#
...#..........#..2......# #######
...#....................#########
##.###....#.................)))..
...# #.#...##.N.NN.....#)#######.
...###.#.........##....#.# ####..


You could see 3 naga sharpshooters, 2 friendly cacodemons and a friendly
blizzard demon (summoned).

Vanquished Creatures
  Jorgrun (Swamp:2)
  A tentacled monstrosity (Swamp:3)
  2 thorn hunters
  Frances (Swamp:2)
  2 nagarajas
  A fenstrider witch (Swamp:4)
  An orc warlord (Orc:1)
  A dire elephant (Lair:6)
  3 eleionomae
  5 bunyips
  3 shambling mangroves
  26 hydras
  Fannar (D:10)
  Josephine (D:10)
  A merfolk avatar (Lair:6)
  5 anacondas
  Erica (D:10)
  4 ogre magi (Orc:2)
  2 boulder beetles (Lair:3)
  A ghost crab (Swamp:1)
  2 two-headed ogres
  A centaur warrior (D:11)
  2 naga warriors (Snake:1)
  3 alligators
  A spriggan berserker (Swamp:4)
  4 spriggans
  3 naga sharpshooters (Snake:1)
  4 shock serpents
  A skeletal warrior (D:11)
  10 goliath frogs
  Amaemon (D:10)
  2 sea snakes (Lair:6)
  4 spriggan druids
  6 bog bodies
  3 naga ritualists
  6 swamp dragons (Swamp:4)
  2 harpies (Lair:6)
  3 mana vipers
  Pikel (D:6)
  8 orc sorcerers (Orc:2)
  7 will-o-the-wisps
  3 orc knights (Orc:1)
  A molten gargoyle (D:11)
  Joseph (D:7)
  25 elephants
  2 naga magi (Snake:1)
  An orange demon (D:10)
  16 black mambas
  22 cane toads
  5 rime drakes
  Psyche (D:10)
  11 komodo dragons
  6 trolls
  2 bloated husks (Swamp:1)
  5 hornets
  A wind drake (Lair:6)
  7 tyrant leeches
  A slime creature (Lair:5)
  23 blink frogs
  2 snapping turtles (Lair:6)
  A ynoxinul (D:8)
  A vampire (D:10)
  A shadow (D:10)
  8 wyverns
  62 yaks
  2 basilisks
  5 wraiths
  2 steam dragons (D:8)
  5 vampire mosquitoes (D:11)
  3 wargs (Orc:1)
  9 nagas
  18 swamp worms
  2 acid dragons
  9 water moccasins
  10 swamp drakes
  17 orc warriors
  3 sky beasts
  An ice beast (D:6)
  3 black bears
  8 ogres
  9 wolves
  A centaur (D:7)
  A lemure (D:6)
  2 phantoms (D:5)
  A kobold brigand (D:9)
  2 gnoll sergeants (D:8)
  6 bullfrogs
  7 necrophages
  4 scorpions
  5 wights (D:8)
  4 killer bees
  An electric eel (D:8)
  A howler monkey (D:8)
  5 orc priests
  2 centaur zombies (D:8)
  5 jellies
  A gnoll shaman (D:8)
  4 hounds
  Crazy Yiuf (D:3)
  5 iguanas
  27 orc wizards
  A killer bee zombie (D:8)
  4 mummies (D:8)
  A howler monkey zombie (D:8)
  17 gnolls
  An adder (D:6)
  A shadow imp (D:5)
  An ufetubus (D:5)
  A worm (D:3)
  3 dart slugs
  76 orcs
  5 bats
  27 endoplasms
  4 giant cockroaches
  5 hobgoblins
  5 quokkas
  9 ball pythons
  A frilled lizard (D:1)
  9 goblins
  8 kobolds
  10 rats
  A briar patch (Swamp:4)
  2 bushes (Lair:6)
728 creatures vanquished.

Vanquished Creatures (collateral kills)
  Roxanne (Swamp:4)
  An alligator (Swamp:4)
  A salamander (Snake:1)
  A naga (Snake:2)
  An orc (Orc:1)
5 creatures vanquished.

Vanquished Creatures (others)
  An alligator (Swamp:1)
  2 bloated husks
  A spriggan (Swamp:1)
  2 killer bees (D:8)
  172 foxfires
  31 fungi
  67 plants
  4 withered plants (D:8)
280 creatures vanquished.

Grand Total: 1013 creatures vanquished

Notes
Turn   | Place    | Note
-------+----------+-------------------------------------------
     0 | D:1      | Bruhh the Djinni Fire Elementalist began the quest for the
                  | Orb.
     0 | D:1      | Reached XP level 1. HP: 15/15 MP: 0/0
   667 | D:1      | Reached XP level 2. HP: 20/21 MP: 0/0
   924 | D:1      | Noticed a shining eye
   926 | D:1      | Found a faded altar of an unknown god.
   944 | D:1      | Reached XP level 3. HP: 8/25 MP: 0/0
   944 | D:1      | Learned a level 1 spell: Freeze
  1146 | D:1      | Noticed a golden eye
  1147 | D:1      | Noticed a floating eye
  1147 | D:1      | Noticed a shining eye
  1697 | D:1      | HP: 1/25 [gnoll/+0 spear (6)]
  2182 | D:1      | Reached XP level 4. HP: 29/31 MP: 0/0
  2225 | D:1      | Found Kamet's Magic Scroll Shop.
  2683 | D:2      | Gained mutation: You do not regenerate when monsters are
                  | visible. [potion of mutation]
  2685 | D:2      | Lost mutation: You do not regenerate when monsters are
                  | visible. [potion of mutation]
  2685 | D:2      | Gained mutation: You have hidden genetic potential. [potion
                  | of mutation]
  2685 | D:2      | Gained mutation: You expend health (3 HP) to strengthen
                  | your wands. [potion of mutation]
  2685 | D:2      | Gained mutation: You are partially covered in iridescent
                  | scales. (AC +2) [potion of mutation]
  3098 | D:2      | Found a broken altar of Ashenzari.
  3802 | D:3      | Reached XP level 5. HP: 29/35 MP: 0/0
  3802 | D:3      | Learned a level 2 spell: Call Imp
  4138 | D:3      | Found a runed translucent door.
  4139 | D:3      | Noticed Crazy Yiuf
  4194 | D:3      | Gained mutation: You have sharp fingernails. [hidden
                  | potential]
  4395 | D:3      | Noticed a bullfrog
  4398 | D:3      | Killed a bullfrog
  4799 | D:3      | Killed Crazy Yiuf
  4800 | D:3      | Reached XP level 6. HP: 2/40 MP: 0/0
  4818 | D:3      | Gained mutation: You possess an exceptional clarity of
                  | mind. [hidden potential]
  4818 | D:3      | Lost mutation: You have hidden genetic potential. [hidden
                  | potential expressed]
  5586 | D:4      | Found a hazy altar of Hepliaklqana.
  5592 | D:4      | Noticed an ogre
  5598 | D:4      | Killed an ogre
  5599 | D:4      | Reached skill level 5 in Spellcasting
  5935 | D:4      | Identified the amulet of Girokoach {Will+ Regen+ Int+5
                  | Slay+3}
  6053 | D:4      | Reached XP level 7. HP: 37/45 MP: 0/0
  6053 | D:4      | Learned a level 3 spell: Teleport Other
  6262 | D:4      | Found a burning altar of Makhleb.
  6550 | D:5      | Entered Level 5 of the Dungeon
  6590 | D:5      | Found Quddeut's Distillery.
  6675 | D:5      | Reached XP level 8. HP: 47/50 MP: 0/0
  6793 | D:5      | Reached skill level 1 in Fighting
  7092 | D:5      | Reached skill level 5 in Fighting
  7358 | D:4      | Became a worshipper of Makhleb the Destroyer
  7390 | D:6      | Reached XP level 9. HP: 49/66 MP: 0/0
  7390 | D:6      | Learned a level 3 spell: Swiftness
  7419 | D:6      | Found a staircase to the Ecumenical Temple.
  7503 | D:6      | Noticed Pikel
  7509 | D:6      | Killed Pikel
  7809 | D:6      | Found a glowing golden altar of the Shining One.
  8005 | D:6      | Found a transporter.
  8008 | D:6      | Noticed LavaOrcPlayer's ghost (novice DsEE)
  8009 | D:6      | Found a transporter.
  8010 | D:6      | Identified the +7 great mace of the Incandescent {holy,
                  | *Noise rElec rPois SInv}
  8196 | D:7      | Found a flagged portal.
  8205 | Bailey   | Entered a bailey
  8274 | Bailey   | Reached * piety under Makhleb
  8383 | Bailey   | Reached XP level 10. HP: 28/80 MP: 0/0
  8403 | Bailey   | Reached skill level 10 in Fighting
  8403 | Bailey   | Reached skill level 1 in Invocations
  8492 | Bailey   | Reached XP level 11. HP: 85/85 MP: 0/0
  8492 | Bailey   | Learned a level 4 spell: Sticky Flame
  8493 | Bailey   | Reached skill level 10 in Dodging
  8493 | Bailey   | Reached XP level 12. HP: 91/91 MP: 0/0
  8494 | Bailey   | Reached XP level 13. HP: 96/96 MP: 0/0
  8494 | Bailey   | Learned a level 5 spell: Yara's Violent Unravelling
  8685 | D:7      | Reached ** piety under Makhleb
  8703 | D:7      | Noticed Joseph
  8722 | D:7      | Killed Joseph
  8853 | D:7      | You are sucked into a shaft and drop 1 floor!
  9109 | D:8      | Found a staircase to the Lair.
  9155 | D:8      | Reached skill level 10 in Armour
  9159 | D:8      | Reached *** piety under Makhleb
  9264 | D:8      | Found a bloodstained altar of Trog.
  9737 | Lair:1   | Entered Level 1 of the Lair of Beasts
  9765 | D:7      | Identified the +6 mace "Ifivof" {venom, rCorr Dex+7 SInv
                  | Stlth+}
 10649 | Lair:2   | Reached **** piety under Makhleb
 10823 | Lair:2   | Found a gate leading to a gauntlet.
 11290 | Lair:3   | Identified the ring of Necipomi {rF+ rCorr Str+6}
 11391 | Lair:3   | Reached XP level 14. HP: 103/103 MP: 0/0
 11421 | Lair:3   | Found a staircase to the Snake Pit.
 12176 | Lair:4   | Found a staircase to the Swamp.
 12973 | Lair:5   | Reached skill level 10 in Spellcasting
 13079 | Lair:5   | Reached skill level 1 in Evocations
 13302 | Lair:5   | Reached ***** piety under Makhleb
 13880 | Lair:6   | Entered Level 6 of the Lair of Beasts
 13955 | Lair:6   | Reached skill level 5 in Evocations
 14017 | Lair:6   | Reached XP level 15. HP: 88/107 MP: 0/0
 14017 | Lair:6   | Learned a level 6 spell: Starburst
 14117 | Lair:6   | Found a sacrificial altar of Ru.
 14302 | Lair:6   | Found a viscous altar of Jiyva.
 14303 | Lair:6   | Found a staircase to the Slime Pits.
 14402 | Lair:6   | Found the ring of the Octopus King
 14500 | Lair:6   | Identified a ring of the Octopus King {MP+9 AC+1 EV+1 Str+1
                  | Int+1 Dex+1}
 15091 | D:9      | Found Cifoplapt's Weapon Boutique.
 15117 | D:9      | Found a staircase to the Orcish Mines.
 15120 | D:9      | Found Qosk's Armour Boutique.
 15138 | D:9      | Bought a +2 ring mail of cold resistance for 294 gold
                  | pieces
 15217 | D:9      | Identified the +1 scale mail of Ihaur {Contam Str+2 Dex+5}
 15828 | D:10     | Entered Level 10 of the Dungeon
 15851 | D:10     | Noticed Josephine
 15859 | D:10     | Killed Josephine
 15978 | D:10     | Noticed Amaemon
 15984 | D:10     | Killed Amaemon
 16035 | D:10     | Found Feipt's Distillery.
 16179 | D:10     | Noticed Fannar
 16185 | D:10     | Killed Fannar
 16336 | D:10     | Noticed Psyche
 16340 | D:10     | Killed Psyche
 16389 | D:10     | Noticed Erica
 16396 | D:10     | Killed Erica
 17161 | D:11     | Found a faded altar of an unknown god.
 17162 | D:11     | Found a hazy altar of Hepliaklqana.
 17417 | Orc:1    | Entered Level 1 of the Orcish Mines
 17607 | Orc:1    | Reached ****** piety under Makhleb
 17808 | Orc:1    | Reached XP level 16. HP: 104/115 MP: 0/0
 18115 | Orc:2    | Entered Level 2 of the Orcish Mines
 18131 | Orc:2    | Found a staircase to the Elven Halls.
 18203 | Orc:2    | Found Hihats Jiva's Distillery.
 18269 | Orc:2    | Found Ruequck's Antique Weapon Boutique.
 18345 | Orc:2    | Found Maemaonei's Book Boutique.
 18356 | Orc:2    | Bought a crystal rapier for 216 gold pieces
 18356 | Orc:2    | Identified the +3 rapier "Vybb" {drain, rC+ Will+ Dex+4
                  | Stlth+} (You bought it in a shop on level 2 of the Orcish
                  | Mines)
 18486 | Orc:2    | Found Dymaunka's Distillery.
 18755 | Orc:2    | Found Jixan's Distillery.
 18804 | Orc:2    | Found Ashreuc's Armour Boutique.
 18808 | Orc:2    | Bought a potion of mutation for 96 gold pieces
 18812 | Orc:2    | Bought a +3 scale mail of cold resistance for 286 gold
                  | pieces
 19138 | Swamp:1  | Entered Level 1 of the Swamp
 19144 | Swamp:1  | Found a one-way gate to the infinite horrors of the Abyss.
 19144 | Swamp:1  | Noticed haldagan's ghost (adept KoBe)
 19160 | Swamp:1  | Found a transporter.
 19217 | Swamp:1  | HP: 2/119 [will-o-the-wisp (11)]
 19448 | Swamp:1  | Noticed a thorn hunter
 19455 | Swamp:1  | Killed a thorn hunter
 19594 | Swamp:1  | Found a transporter.
 20160 | Swamp:2  | Noticed Jorgrun
 20170 | Swamp:2  | Killed Jorgrun
 20305 | Swamp:2  | Noticed Frances
 20314 | Swamp:2  | Gained mutation: Your body sometimes deteriorates upon
                  | taking damage. [you]
 20316 | Swamp:2  | Killed Frances
 20730 | Swamp:3  | Reached XP level 17. HP: 85/127 MP: 0/0
 20730 | Swamp:3  | Learned a level 6 spell: Summon Cactus Giant
 20882 | Swamp:3  | Noticed a tentacled monstrosity
 20903 | Swamp:3  | Killed a tentacled monstrosity
 21305 | Swamp:4  | Entered Level 4 of the Swamp
 21359 | Swamp:4  | Noticed a thorn hunter
 21369 | Swamp:4  | Killed a thorn hunter
 21416 | Swamp:4  | Noticed Roxanne
 21426 | Swamp:4  | Killed Roxanne
 21863 | Swamp:4  | Reached skill level 15 in Invocations
 21879 | Swamp:4  | Got a decaying rune of Zot
 21917 | Swamp:4  | Reached skill level 15 in Fighting
 22178 | Snake:1  | Entered Level 1 of the Snake Pit
 22306 | Snake:1  | Reached XP level 18. HP: 27/138 MP: 0/0
 22411 | Snake:1  | You are sucked into a shaft and drop 1 floor!
 22762 | Snake:1  | Found a sparkling altar of Nemelex Xobeh.
 22904 | Snake:1  | Shot with a bolt by a naga sharpshooter

Illustrated notes

Levels and vault maps discovered:
D:1:      eino_arrival_cavern_b, layout_loops_cross,
          hellmonk_ecumenical_altar_watching_god, serial_shops, shop
D:2:      layout_loops_ring, serial_forest, infiniplex_forest_clump_double,
          infiniplex_forest_lined_2, infiniplex_forest_end_1,
          infiniplex_forest_zigzag_1, infiniplex_forest_side_room,
          infiniplex_forest_lined_4_way, infiniplex_forest_clump_large,
          basic_altar, st_stairs_4
D:3:      layout_loops_corners, chequers_serial_rivers_small_3,
          uniq_crazy_yiuf_cottage
D:4:      layout_basic, nicolae_overflow_hidden_temple, old_standard_altar,
          minmay_misc_feat_hallway
D:5:      layout_loops_ring, serial_shops, nicolae_shop_waterfront
D:6:      layout_loops_ring, tso_metal_star, minmay_temple_entry_offerings,
          gammafunk_ghost_smash, uniq_pikel
D:7:      layout_cave_pools, kennysheep_mini_moat, enter_bailey_2, hex_tiny,
          worms_lemuel, uniq_joseph
D:8:      layout_rooms, nzn_overflow_gifts_of_might_and_magic, lair_entry_dummy,
          serial_undead, serial_undead_f, serial_undead_d, serial_undead_f,
          serial_undead_d, serial_undead_f, serial_undead_d, serial_undead_d,
          serial_undead_b, serial_undead_b, serial_undead_d,
          supply_closet_lemuel, grunt_decor_fettered
D:9:      layout_loops_ring, orc_david_3, grunt_decor_arrowhead
D:10:     layout_small_grid, serial_shops, shop, nrook_mini_vaults, st_stairs_6,
          uniq_amaemon, uniq_fannar, uniq_josephine, uniq_psyche, uniq_erica
D:11:     layout_irregular_city, beargit_hepliaklqana_dungeon_heroes
Lair:1:   layout_roguey
Lair:2:   layout_misc_corridors, gauntlet_entry_generic
Lair:3:   layout_long_grid, guppyfry_snake_entry_island
Lair:4:   layout_roguey, swamp_mist_pool, infiniplex_staircase_pool,
          serial_bayou_shore_a, lemuel_fruit_fields
Lair:5:   lemuel_slime, layout_hall_layers, grunt_megastairs_2
Lair:6:   gammafunk_lair_ancient_temple, layout_regular_city, slime_altar_1,
          basic_altar, lemuel_old_faithful
Swamp:1:  layout_basic_swamp, gammafunk_ghost_abyssal_escape,
          evilmike_swamp_ruin_house_5
Swamp:2:  layout_basic_swamp, nicolae_swamp_triple_paths, uniq_jorgrun,
          uniq_frances
Swamp:3:  layout_falls_marsh, evilmike_swamp_ruin_house_6
Swamp:4:  swamp_basic_johnstein, layout_basic_swamp, uniq_roxanne
Snake:1:  layout_misc_corridors, basic_altar, nicolae_snake_boneroom
Snake:2:  layout_onion_interference, serial_shops, shop, drop_trap
Orc:1:    cheibrodos_orc_arena, layout_caves
Orc:2:    kennysheep_orc_mage_school, layout_diamond_mine, serial_shops,
          nicolae_shop_waterfront, shop

Skill      XL: |  1  2  3  4  5  6  7  8  9 10 11 12 13 14 15 16 17 18 |
---------------+-------------------------------------------------------+-----
Spellcasting   | 3 4 5 6 7 10 12 | 12.0
Fighting       | 5 9 10 13 15 | 15.0
Invocations    | 11 13 15 | 15.0
Dodging        | 10 11 13 | 13.1
Armour         | 8 12 | 12.5
Evocations     | 6 8 |  8.0
Stealth        | |  1.5

Action                   |  1- 3 |  4- 6 |  7- 9 | 10-12 | 13-15 | 16-18 || total
-------------------------+-------+-------+-------+-------+-------+-------++-------
Melee: Dagger            |     7 |     2 |       |       |       |       ||     9
       Unarmed           |     2 |       |       |       |       |       ||     2
       Quarterstaff      |       |       |    11 |       |     4 |       ||    15
       Mace              |       |       |       |       |   248 |    22 ||   270
       Punch             |       |       |       |       |     2 |     1 ||     3
       Rapier            |       |       |       |       |       |    70 ||    70
 Cast: Foxfire           |    77 |       |       |     1 |       |     3 ||    81
       Scorch            |     5 |    50 |   122 |     2 |   457 |     2 ||   638
       Inner Flame       |       |     4 |    11 |     2 |    56 |    14 ||    87
       Conjure Flame     |       |     1 |       |       |     3 |       ||     4
       Call Imp          |       |       |     1 |     1 |     3 |     1 ||     6
       Swiftness         |       |       |       |     1 |     3 |       ||     4
       Teleport Other    |       |       |       |     1 |       |       ||     1
       Flame Wave        |       |       |       |       |    12 |       ||    12
       Freeze            |       |       |       |       |    12 |       ||    12
       Sticky Flame      |       |       |       |       |     2 |       ||     2
       Starburst         |       |       |       |       |    78 |   298 ||   376
       Yara's Violent Un |       |       |       |       |       |     4 ||     4
       Summon Cactus Gia |       |       |       |       |       |     5 ||     5
Invok: Minor Destruction |       |       |       |       |     1 |     1 ||     2
       Greater Servant o |       |       |       |       |       |     6 ||     6
       Major Destruction |       |       |       |       |       |     4 ||     4
  Use: Potion            |       |     4 |       |     3 |     1 |     8 ||    16
       Scroll            |       |       |       |       |    15 |     8 ||    23
 Stab: Sleeping          |       |       |       |       |       |     1 ||     1
Armor: Robe              |     6 |     5 |    25 |       |    30 |       ||    66
       Troll leather arm |       |       |       |       |   232 |   105 ||   337
Dodge: Dodged            |    19 |    20 |    29 |     2 |   808 |   296 ||  1174

Table legend: (Time is in decaauts)
 A = Elapsed time spent in this place.
 B = Non-inter-level travel time spent in this place.
 C = Inter-level travel time spent in this place.
 D = Time resting spent in this place.
 E = Time spent auto-exploring this place.
 F = Levels seen in this place.
 G = Mean time per level.
                   A        B        C        D        E       F      G
               +--------+--------+--------+--------+--------+-----+--------+
         Total |  23035 |  21399 |   1636 |    958 |  16104 |  26 |  886.0 |
       Dungeon |  11848 |  10906 |    942 |    578 |   8787 |  11 | 1077.1 |
          Lair |   5497 |   5028 |    469 |    149 |   3594 |   6 |  916.2 |
         Swamp |   3019 |   2879 |    140 |    231 |   1995 |   4 |  754.8 |
     Snake Pit |    677 |    677 |      0 |      0 |    405 |   2 |  338.5 |
  Orcish Mines |   1632 |   1548 |     84 |      0 |   1168 |   2 |  816.0 |
        Bailey |    359 |    359 |      0 |      0 |    155 |   1 |  359.0 |
               +--------+--------+--------+--------+--------+-----+--------+

Top non-repeatable levels by time:
     D:1: 2453 daAuts
     D:3: 1935 daAuts
     D:2: 1127 daAuts
  Lair:6: 1078 daAuts
     D:4: 1063 daAuts
  Lair:3: 1062 daAuts
  Lair:5: 1037 daAuts
   Orc:2: 908 daAuts
 Swamp:1: 880 daAuts
    D:10: 837 daAuts
  Lair:4: 823 daAuts
     D:9: 815 daAuts
     D:6: 811 daAuts
     D:5: 804 daAuts
 Swamp:4: 794 daAuts
